 Dungeon Crawl Stone Soup version 0.21.0-30-g47ce8e4 (webtiles) character file.

1150 tidbits the Covert (level 8, 62/63 HPs)
             Began as a Gnoll Assassin on Jan 28, 2018.
             Quit the game on level 3 of the Dungeon.
             The game lasted 00:14:38 (1984 turns).

tidbits the Covert (Gnoll Assassin)                 Turns: 1984, Time: 00:14:38

Health: 62/63      AC: 10    Str: 15    XL:     8   Next: 38%
Magic:  12/12      EV: 14    Int: 15    God:
Gold:   313        SH:  7    Dex: 16    Spells: 13/13 levels left

rFire    . . .     SeeInvis .   a - +2 dagger
rCold    . . .     Gourm    .   D - +2 buckler
rNeg     . . .     Faith    .   B - +1 leather armour {MR+}
rPois    .         Spirit   .   E - +2 helmet
rElec    .         Reflect  .   C - +2 cloak
rCorr    .         Harm     .   (no gloves)
MR       +....                  (no boots)
Stlth    ++++......             (no amulet)
HPRegen  0.20/turn              (no ring)
MPRegen  0.13/turn              (no ring)

@: no status effects
A: distributed training, fangs 1, strong nose
a: no special abilities


You were on level 3 of the Dungeon.
You were not hungry.

You visited 2 branches of the dungeon, and saw 8 of its levels.

You collected 313 gold pieces.

Inventory:

Hand Weapons
 a - a +2 dagger (weapon)
 b - a +1 blowgun
 c - a +0 morningstar
 h - a +0 war axe
Missiles
 e - 16 poisoned needles
 i - 3 needles of confusion
 j - 10 bolts
 k - 20 arrows
 p - 2 curare-tipped needles
 v - 5 javelins of penetration (quivered)
Armour
 f - a +0 robe
 l - the +2 robe "Vuyqilup" {rPois rF- Int+4}
   (You found it on level 5 of the Dungeon)

   It affects your intelligence (+4).
   It makes you vulnerable to fire.
   It protects you from poison.
 q - a +0 ring mail
 w - a +2 robe of magic resistance
   (You took it off Sigmund on level 6 of the Dungeon)
 B - a +1 leather armour of magic resistance (worn)
   (You took it off Eustachio on level 5 of the Dungeon)
 C - a +2 cloak (worn)
 D - a +2 buckler (worn)
 E - a +2 helmet (worn)
Scrolls
 d - 2 scrolls of noise
 m - a scroll of enchant weapon
 n - a scroll of remove curse
 r - 2 scrolls of fear
 s - a scroll of teleportation {unknown}
Potions
 o - a potion of brilliance {unknown}
 t - a potion of degeneration {unknown}
 u - a potion of invisibility {unknown}
 x - a potion of lignification
 z - a potion of berserk rage {unknown}
Comestibles
 g - 5 rations


   Skills:
 + Level 5.6 Fighting
 + Level 5.6 Short Blades
 + Level 3.1 Long Blades
 + Level 3.1 Axes
 + Level 3.1 Maces & Flails
 + Level 3.1 Polearms
 + Level 3.1 Staves
 + Level 3.1 Slings
 + Level 3.1 Bows
 + Level 3.1 Crossbows
 + Level 5.6 Throwing
 + Level 3.1 Armour
 + Level 4.1 Dodging
 + Level 8.4 Stealth
 + Level 3.1 Shields
 + Level 3.1 Unarmed Combat
 + Level 3.1 Spellcasting
 + Level 2.5 Conjurations
 + Level 2.5 Hexes
 + Level 2.5 Charms
 + Level 2.5 Summonings
 + Level 2.5 Necromancy
 + Level 2.5 Translocations
 + Level 2.5 Transmutations
 + Level 2.5 Fire Magic
 + Level 2.5 Ice Magic
 + Level 2.5 Air Magic
 + Level 2.5 Earth Magic
 + Level 2.5 Poison Magic
 + Level 3.5 Invocations
 + Level 3.1 Evocations


You had 13 spell levels left.
You didn't know any spells.

Dungeon Overview and Level Annotations

Branches:
Dungeon (7/15)             Temple (1/1) D:6

Altars:
Ashenzari
Elyvilon
Fedhas
Gozag
Hepliaklqana
Kikubaaqudgha
Makhleb
Nemelex Xobeh
Okawaru
Qazlal
Sif Muna
Trog
Uskayaw
Wu Jian
Yredelemnul
Zin


Innate Abilities, Weirdness & Mutations

Your experience applies equally to all skills.
You have very sharp teeth.
Your uncanny sense of smell can sniff out nearby items.


Message History

The helpless jackal fails to defend itself.
You stick the jackal like a pincushion!!!
You kill the jackal!
A jackal comes into view.
The jackal barks!
You hit the jackal.
The jackal is moderately wounded.
The jackal barks!
You block the jackal's attack.
An adder comes into view.
You hit the jackal.
You kill the jackal!
The jackal closely misses you.
You see here a jackal corpse.
You hit the adder. You bite the adder.
The adder is lightly wounded.
The jackal bites you but does no damage.
The adder bites you but does no damage.
You miss the adder. Your bite misses the adder.
The adder is lightly wounded.
The jackal misses you. The adder bites you.
You hit the adder.
The adder is heavily wounded.
You block the jackal's attack. You block the adder's attack.
You closely miss the adder.
The adder is heavily wounded.
The jackal barely misses you. The adder bites you but does no damage.
You closely miss the adder.
The adder is heavily wounded.
You block the jackal's attack. The adder barely misses you.
You barely miss the adder.
The adder is heavily wounded.
You block the adder's attack.
You hit the adder. Your bite misses the adder.
The adder is heavily wounded.
The adder bites you.
You hit the adder.
The adder is severely wounded.
The adder closely misses you.
You hit the adder.
You kill the adder!
You hit the jackal.
The jackal is moderately wounded.
The jackal bites you but does no damage.
You barely miss the jackal.
The jackal is moderately wounded.
You block the jackal's attack.
You closely miss the jackal. You bite the jackal, but do no damage.
The jackal is moderately wounded.
You block the jackal's attack. The jackal misses you.
You hit the jackal. You bite the jackal, but do no damage.
The jackal is almost dead.
You hit the jackal.
You kill the jackal!
You closely miss the jackal. You block the jackal's attack.
You hit the jackal.
The jackal is almost dead.
The jackal bites you but does no damage.
You closely miss the jackal.
The jackal is almost dead.
The jackal completely misses you.
You barely miss the jackal. You bite the jackal, but do no damage.
The jackal is almost dead.
The jackal bites you but does no damage.
You closely miss the jackal. Your bite misses the jackal.
The jackal is almost dead.
You block the jackal's attack.
You hit the jackal.
You kill the jackal!
Things that are here:
a jackal corpse x2
Butcher a jackal corpse? [(y)es/(c)hoosy/(n)o/(a)ll/(e)dible/(q)uit/?]
Butcher a jackal corpse? [(y)es/(c)hoosy/(n)o/(a)ll/(e)dible/(q)uit/?]
Okay, then.
You butcher the jackal corpse.
Things that are here:
a jackal corpse; 3 chunks of flesh; a jackal skeleton Unknown command.
Eat one of 3 chunks of flesh? (ye/n/q)
You eat one of the 3 chunks of flesh.
This raw flesh tastes terrible.
You see here a jackal corpse.
There is an open door here.
There is an open door here.
There is an open door here.
A bat comes into view.
You block the bat's attack. The bat barely misses you.
The bat barely misses you. You block the bat's attack.
The bat hits you but does no damage. The bat hits you but does no damage.
The bat misses you. You block the bat's attack. The bat closely misses you.
You block the bat's attack. The bat closely misses you.
You block the bat's attack. The bat misses you. You block the bat's attack.
You block the bat's attack. The bat misses you. The bat hits you.
Are you sure you want to abandon this character and quit the game? (Confirm with "yes".)

#.......##.........
#.......##.........
#.......##.....##..
#.......##.....###.
#.......##.....# #.
#..#######.....# #.
#.........###### ##
##.#####......# #
#..@b.........# #
########......# #
######## # # # # #


You could see a bat.

Vanquished Creatures
  Sigmund (D:6)
  Eustachio (D:5)
  2 ogres
  A centaur (D:6)
  2 bullfrogs (D:6)
  A scorpion (D:4)
  The ghost of tidbits the Insei, a weakling GnTm (D:3)
  2 howler monkeys
  A centaur skeleton (D:5)
  A jelly (D:5)
  An iguana (D:5)
  2 worker ants
  A hound skeleton (D:4)
  A worker ant zombie (D:5)
  Robin (D:2)
  A howler monkey skeleton (D:4)
  4 adders
  A shadow imp (D:3)
  2 oozes
  2 adder skeletons (D:5)
  An adder zombie (D:6)
  A worm (D:5)
  A dart slug (D:2)
  3 leopard geckos
  8 orcs
  3 bats
  2 giant cockroaches
  15 goblins
  4 hobgoblins
  10 jackals
  3 quokkas
  4 frilled lizards
  3 kobolds
  A leopard gecko skeleton (D:4)
  5 rats
93 creatures vanquished.

Notes
Turn   | Place    | Note
-------+----------+-------------------------------------------
     0 | D:1      | tidbits the Gnoll Assassin began the quest for the Orb.
     0 | D:1      | Reached XP level 1. HP: 20/20 MP: 1/1
    56 | D:1      | Reached XP level 2. HP: 26/26 MP: 2/2
   349 | D:3      | Reached XP level 3. HP: 31/31 MP: 3/3
   375 | D:3      | Reached skill level 1 in Invocations
   418 | D:2      | Reached skill level 1 in Long Blades
   418 | D:2      | Reached skill level 1 in Axes
   418 | D:2      | Reached skill level 1 in Maces & Flails
   418 | D:2      | Reached skill level 1 in Polearms
   418 | D:2      | Reached skill level 1 in Staves
   418 | D:2      | Reached skill level 1 in Slings
   418 | D:2      | Reached skill level 1 in Bows
   418 | D:2      | Reached skill level 1 in Crossbows
   418 | D:2      | Reached skill level 1 in Armour
   418 | D:2      | Reached skill level 1 in Shields
   418 | D:2      | Reached skill level 1 in Unarmed Combat
   418 | D:2      | Reached skill level 1 in Spellcasting
   418 | D:2      | Reached skill level 1 in Evocations
   452 | D:2      | Reached XP level 4. HP: 30/38 MP: 5/5
   456 | D:2      | Found an opulent altar of Gozag.
   457 | D:2      | Found a stormy altar of Qazlal.
   488 | D:2      | Noticed Robin
   541 | D:2      | Killed Robin
   621 | D:4      | Found an ornate altar of the Wu Jian Council.
   683 | D:4      | Noticed an ogre
   689 | D:4      | Reached skill level 1 in Conjurations
   689 | D:4      | Reached skill level 1 in Hexes
   689 | D:4      | Reached skill level 1 in Charms
   689 | D:4      | Reached skill level 1 in Summonings
   689 | D:4      | Reached skill level 1 in Necromancy
   689 | D:4      | Reached skill level 1 in Translocations
   689 | D:4      | Reached skill level 1 in Transmutations
   689 | D:4      | Reached skill level 1 in Fire Magic
   689 | D:4      | Reached skill level 1 in Ice Magic
   689 | D:4      | Reached skill level 1 in Air Magic
   689 | D:4      | Reached skill level 1 in Earth Magic
   689 | D:4      | Reached skill level 1 in Poison Magic
   702 | D:4      | Killed an ogre
   702 | D:4      | Reached skill level 3 in Dodging
   702 | D:4      | Reached XP level 5. HP: 43/43 MP: 5/7
   797 | D:3      | Noticed tidbits's ghost (weakling GnTm)
   824 | D:3      | Killed tidbits's ghost
   824 | D:3      | Reached skill level 8 in Stealth
   824 | D:3      | Reached XP level 6. HP: 50/50 MP: 8/8
   922 | D:4      | HP: 3/50 [scorpion (6)]
   927 | D:4      | Reached skill level 2 in Invocations
   983 | D:5      | Entered Level 5 of the Dungeon
   990 | D:5      | Reached skill level 5 in Fighting
   990 | D:5      | Reached skill level 5 in Short Blades
   990 | D:5      | Reached skill level 5 in Throwing
  1008 | D:5      | Reached skill level 2 in Long Blades
  1008 | D:5      | Reached skill level 2 in Axes
  1008 | D:5      | Reached skill level 2 in Maces & Flails
  1008 | D:5      | Reached skill level 2 in Polearms
  1008 | D:5      | Reached skill level 2 in Staves
  1008 | D:5      | Reached skill level 2 in Slings
  1008 | D:5      | Reached skill level 2 in Bows
  1008 | D:5      | Reached skill level 2 in Crossbows
  1008 | D:5      | Reached skill level 2 in Armour
  1008 | D:5      | Reached skill level 2 in Shields
  1008 | D:5      | Reached skill level 2 in Unarmed Combat
  1008 | D:5      | Reached skill level 2 in Spellcasting
  1008 | D:5      | Reached skill level 2 in Evocations
  1040 | D:5      | Got a faintly glowing robe
  1051 | D:5      | Identified the +2 robe "Vuyqilup" {rPois rF- Int+4} (You found it on level 5 of the Dungeon)
  1118 | D:5      | Found a white marble altar of Elyvilon.
  1156 | D:5      | Reached XP level 7. HP: 55/56 MP: 10/10
  1217 | D:6      | Reached skill level 2 in Conjurations
  1217 | D:6      | Reached skill level 2 in Hexes
  1217 | D:6      | Reached skill level 2 in Charms
  1217 | D:6      | Reached skill level 2 in Summonings
  1217 | D:6      | Reached skill level 2 in Necromancy
  1217 | D:6      | Reached skill level 2 in Translocations
  1217 | D:6      | Reached skill level 2 in Transmutations
  1217 | D:6      | Reached skill level 2 in Fire Magic
  1217 | D:6      | Reached skill level 2 in Ice Magic
  1217 | D:6      | Reached skill level 2 in Air Magic
  1217 | D:6      | Reached skill level 2 in Earth Magic
  1217 | D:6      | Reached skill level 2 in Poison Magic
  1357 | D:6      | Reached skill level 3 in Invocations
  1381 | D:6      | Found an iron altar of Okawaru.
  1381 | D:6      | Found a bloodstained altar of Trog.
  1383 | D:6      | Found a deep blue altar of Sif Muna.
  1438 | D:6      | Noticed Sigmund
  1445 | D:6      | Killed Sigmund
  1445 | D:6      | Reached XP level 8. HP: 45/63 MP: 12/12
  1467 | D:6      | Found a staircase to the Ecumenical Temple.
  1476 | Temple   | Entered the Ecumenical Temple
  1631 | D:7      | Noticed a yak
  1631 | D:7      | Noticed a yak
  1631 | D:7      | Noticed a yak
  1631 | D:7      | Noticed a yak
  1708 | D:5      | Noticed Eustachio
  1712 | D:5      | Killed Eustachio
  1712 | D:5      | Reached skill level 3 in Long Blades
  1712 | D:5      | Reached skill level 3 in Axes
  1712 | D:5      | Reached skill level 3 in Maces & Flails
  1712 | D:5      | Reached skill level 3 in Polearms
  1712 | D:5      | Reached skill level 3 in Staves
  1712 | D:5      | Reached skill level 3 in Slings
  1712 | D:5      | Reached skill level 3 in Bows
  1712 | D:5      | Reached skill level 3 in Crossbows
  1712 | D:5      | Reached skill level 3 in Armour
  1712 | D:5      | Reached skill level 4 in Dodging
  1712 | D:5      | Reached skill level 3 in Shields
  1712 | D:5      | Reached skill level 3 in Unarmed Combat
  1712 | D:5      | Reached skill level 3 in Spellcasting
  1712 | D:5      | Reached skill level 3 in Evocations
  1984 | D:3      | Quit the game

Skill      XL: |  1  2  3  4  5  6  7  8 |
---------------+-------------------------+-----
Invocations    | 1 2 3 |  3.5
Long Blades    | 1 2 3 |  3.1
Axes           | 1 2 3 |  3.1
Maces & Flails | 1 2 3 |  3.1
Polearms       | 1 2 3 |  3.1
Staves         | 1 2 3 |  3.1
Slings         | 1 2 3 |  3.1
Bows           | 1 2 3 |  3.1
Crossbows      | 1 2 3 |  3.1
Armour         | 1 2 3 |  3.1
Shields        | 1 2 3 |  3.1
Unarmed Combat | 1 2 3 |  3.1
Spellcasting   | 1 2 3 |  3.1
Evocations     | 1 2 3 |  3.1
Conjurations   | 1 2 |  2.5
Hexes          | 1 2 |  2.5
Charms         | 1 2 |  2.5
Summonings     | 1 2 |  2.5
Necromancy     | 1 2 |  2.5
Translocations | 1 2 |  2.5
Transmutations | 1 2 |  2.5
Fire Magic     | 1 2 |  2.5
Ice Magic      | 1 2 |  2.5
Air Magic      | 1 2 |  2.5
Earth Magic    | 1 2 |  2.5
Poison Magic   | 1 2 |  2.5
Dodging        | 3 4 |  4.1
Stealth        | 8 |  8.4
Fighting       | 5 |  5.6
Short Blades   | 5 |  5.6
Throwing       | 5 |  5.6

Action                   |  1- 3 |  4- 6 |  7- 9 || total
-------------------------+-------+-------+-------++-------
Melee: Dagger            |    79 |   133 |    87 ||   299
       Bite              |    11 |    12 |    10 ||    33
       Unarmed           |       |    19 |     6 ||    25
 Fire: Blowgun           |       |     2 |     3 ||     5
  Use: Scroll            |     4 |     2 |     9 ||    15
       Potion            |     2 |     4 |     1 ||     7
 Stab: Sleeping          |    11 |     6 |    10 ||    27
  Eat: Chunk             |       |     1 |     3 ||     4
Armor: Robe              |    18 |    16 |     5 ||    39
       Skin              |       |     9 |    13 ||    22
       Leather armour    |       |       |    15 ||    15
Dodge: Dodged            |    41 |    48 |    51 ||   140
Block: Buckler           |    19 |    11 |    33 ||    63

Table legend:
 A = Turns spent in this place as a percentage of turns spent in the entire game.
 B = Non-inter-level travel turns spent in this place as a percentage of non-inter-level travel turns spent in the entire game.
 C = Inter-level travel turns spent in this place as a percentage of turns spent in this place.
 D = Turns resting spent in this place as a percentage of non-inter-level travel turns spent in this place.
 E = Turns spent auto-exploring this place as a percentage of non-inter-level travel turns spent in this place.
 F = Non-inter-level travel turns spent in this place divided by the number of levels of this place that you've seen.
                   A       B       C       D       E      F
               +-------+-------+-------+-------+-------+----------------------
         Total | 100.0 | 100.0 |   1.4 |   0.0 |   0.0 | 244.6
       Dungeon |  97.1 |  98.5 |   0.0 |   0.0 |   0.0 | 275.3
        Temple |   2.9 |   1.5 |  47.4 |   0.0 |   0.0 |  30.0
               +-------+-------+-------+-------+-------+----------------------

Table legend:
 A = Kills in this place as a percentage of kills in entire the game.
 B = Kills by you in this place as a percentage of kills by you in the entire game.
 C = Kills by friends in this place as a percentage of kills by friends in the entire game.
 D = Other kills in this place as a percentage of other kills in the entire game.
 E = Experience gained in this place as a percentage of experience gained in the entire game.
 F = Experience gained in this place divided by the number of levels of this place that you have seen.
                   A       B       C       D       E      F
               +-------+-------+-------+-------+-------+----------------------
         Total | 100.0 | 100.0 |   N/A |   N/A | 100.0 | 205.5
       Dungeon | 100.0 | 100.0 |   N/A |   N/A | 100.0 | 234.9
               +-------+-------+-------+-------+-------+----------------------

Vault maps used:
D:1:      enne_arrival_octagon_isle
D:2:      lemuel_doored_altar, gammafunk_temple_overflow_statue, uniq_robin,
          uniq_jessica
D:3:      first_ration, corexii_corridor_pit
D:4:      kennysheep_little_box
D:5:      elyvilon_altar_3, uniq_eustachio
D:6:      minitemple, temple_hall, uniq_sigmund
D:7:      lemuel_crystal_altar, nicolae_dithmenos_shadow_blocks, serial_shops,
          nicolae_shop_behind_doors
Temple:   jpeg_temple_island
